 Dungeon Crawl Stone Soup version 0.25.1-2-g60ff931df9 (webtiles) character file.

Game seed: 10051052569787862949

534 MisterFreud the Chiller (level 7, -6/46 HPs)
             Began as a Demonspawn Ice Elementalist on Oct 6, 2020.
             Splashed by Ijyb's acid (12 damage)
             ... on level 5 of the Dungeon.
             The game lasted 00:07:13 (3999 turns).

MisterFreud the Chiller (DsIE)                      Turns: 3999, Time: 00:07:14

Health: -6/46      AC:  4    Str:  8    XL:     7   Next: 4%
Magic:  12/12      EV: 12    Int: 19    God:
Gold:   152        SH:  0    Dex: 17    Spells: 9/13 levels left

rFire    . . .     SeeInvis .   A - +2 dagger (elec)
rCold    . . .     Gourm    .   (no shield)
rNeg     . . .     Faith    .   a - +0 robe
rPois    .         Spirit   .   (no helmet)
rElec    .         Reflect  .   (no cloak)
rCorr    .         Harm     .   e - +1 pair of gloves
MR       .....                  (no boots)
Stlth    +++.......             (no amulet)
HPRegen  0.15/turn              (no ring)
MPRegen  0.13/turn              (no ring)

@: no status effects
A: thin skeletal structure 2, demonic guardian 1, powered by death 1
a: no special abilities


You were on level 5 of the Dungeon.
You were not hungry.

You visited 1 branch of the dungeon, and saw 5 of its levels.

You collected 152 gold pieces.

Inventory:

Hand Weapons
 x - a +1 short sword of venom
 A - a +2 dagger of electrocution (weapon)
Missiles
 u - 25 poisoned darts (quivered)
Armour
 a - a +0 robe (worn)
 b - a +0 buckler
 e - a +1 pair of gloves (worn)
Wands
 q - a wand of random effects (13)
Scrolls
 d - 2 scrolls of remove curse {unknown}
 g - 8 scrolls of identify {unknown}
 i - a scroll of magic mapping {unknown}
 m - a scroll of enchant weapon {unknown}
 p - 2 scrolls of blinking {unknown}
 r - 2 scrolls of enchant armour {unknown}
 t - a scroll of fog {unknown}
 w - a scroll of random uselessness {unknown}
 y - a scroll of fear {unknown}
Potions
 f - a potion of brilliance {unknown}
 h - 4 potions of lignification {unknown}
 j - a potion of berserk rage {unknown}
 k - a potion of mutation {unknown}
 o - a potion of stabbing {unknown}
 s - a potion of heal wounds {unknown}
 v - a potion of degeneration {unknown}
 z - 5 potions of flight {unknown}
Comestibles
 c - 8 rations


   Skills:
 - Level 1.7 Dodging
 - Level 1.7 Stealth
 + Level 3.1 Shields
 + Level 3.8 Spellcasting
 + Level 6.0 Ice Magic


You had 9 spell levels left.
You knew the following spells:

 Your Spells              Type           Power        Failure   Level  Hunger
a - Freeze                Ice            ####         1%          1    None
b - Frozen Ramparts       Ice            ####..       3%          3    ###....

Your spell library contained the following spells:

 Spells                   Type           Power        Failure   Level  Hunger
 Ozocubu's Armour         Chrm/Ice       ###.....     12%         3    ###....
 Animate Skeleton         Necr           N/A          14%         1    None
 Apportation              Tloc           #.....       14%         1    None
 Corona                   Hex            #......      14%         1    None
 Summon Small Mammal      Summ           #...         14%         1    None
 Hailstorm                Conj/Ice       ###.....     36%         4    ####...
 Summon Ice Beast         Ice/Summ       ###.....     36%         4    ####...


Dungeon Overview and Level Annotations

Branches:
Dungeon (5/15)
 Temple: D:4-7

Altars:

Annotations:
D:5 Ijyb


Innate Abilities, Weirdness & Mutations

You have a moderately thin skeletal structure. (Dex +4, Stealth+)
A weak demonic guardian rushes to your aid.
You regenerate a little health from kills.


Message History

Done exploring.
Done exploring.
Done exploring.
There is an open door here.
There is a stone staircase leading down here.
You climb downwards.
Found 17 gold pieces.
There is a stone staircase leading up here.
Found a stone staircase leading down.
You now have 152 gold pieces (gained 17).
Ijyb the Twisted Goblin comes into view.
She is wielding a +1 dagger of venom and carrying a wand of acid (13).
Ijyb is nearby!
Found a fuming inky potion.
Ijyb shouts!
Found a smoky puce potion.
Found a stone staircase leading up.
Ijyb zaps a wand.
The bolt of acid hits you!
You are splashed with acid!
Ijyb zaps a wand.
The bolt of acid hits you!
* * * LOW HITPOINT WARNING * * *
You are splashed with acid!
You die...

......................#
...............>....!.#
.....................!##
........................
......................##
........................
....<.................#
......................##
................@g......
######.#######..########
#.# #.... #.. #.### ####
<.. ##.. #..


You could see Ijyb.

Vanquished Creatures
  An ogre (D:4)
  A hound (D:4)
  7 orc wizards
  Terence (D:2)
  A worker ant (D:4)
  6 adders
  An ooze (D:4)
  An adder zombie (D:3)
  2 worms
  2 dart slugs
  3 leopard geckos
  14 orcs
  8 giant cockroaches
  7 goblins
  4 hobgoblins
  3 jackals (D:2)
  9 kobolds
  4 quokkas
  2 ball pythons
  6 bats
  6 frilled lizards
  A quokka skeleton (D:4)
  7 rats
97 creatures vanquished.

Notes
Turn   | Place    | Note
-------+----------+-------------------------------------------
     0 | D:1      | MisterFreud the Demonspawn Ice Elementalist began the quest
                  | for the Orb.
     0 | D:1      | Reached XP level 1. HP: 13/13 MP: 3/3
   152 | D:1      | Reached skill level 4 in Ice Magic
   260 | D:1      | Gained mutation: You regenerate a little health from kills.
                  | [demonic ancestry]
   260 | D:1      | Reached XP level 2. HP: 16/19 MP: 0/5
  1286 | D:2      | Reached XP level 3. HP: 24/24 MP: 1/6
  1291 | D:2      | Learned a level 3 spell: Frozen Ramparts
  1583 | D:2      | Noticed Terence
  1591 | D:2      | Killed Terence
  1591 | D:2      | Reached skill level 5 in Ice Magic
  1591 | D:2      | Gained mutation: You have a somewhat thin skeletal
                  | structure. (Dex +2, Stealth) [demonic ancestry]
  1591 | D:2      | Reached XP level 4. HP: 30/30 MP: 2/7
  2031 | D:3      | Reached skill level 1 in Shields
  2346 | D:3      | Reached XP level 5. HP: 35/35 MP: 4/8
  3133 | D:4      | Noticed an ogre
  3275 | D:4      | Gained mutation: You have a moderately thin skeletal
                  | structure. (Dex +4, Stealth+) [demonic ancestry]
  3275 | D:4      | Reached XP level 6. HP: 34/41 MP: 2/10
  3564 | D:4      | Reached skill level 6 in Ice Magic
  3915 | D:4      | Gained mutation: A weak demonic guardian rushes to your
                  | aid. [demonic ancestry]
  3915 | D:4      | Reached XP level 7. HP: 43/46 MP: 8/12
  3985 | D:5      | Entered Level 5 of the Dungeon
  3993 | D:5      | Noticed Ijyb
  3999 | D:5      | Splashed by Ijyb's acid

Illustrated notes

Levels and vault maps discovered:
D:1:      dpeg_arrival_rooms_with_view, layout_basic
D:2:      layout_basic, first_ration, uniq_terence
D:3:      layout_basic, minmay_divided_ellipse
D:4:      layout_basic, minmay_a_box_with_orc_wizards_in_it
D:5:      layout_basic, temple_statues, uniq_ijyb

Skill      XL: |  1  2  3  4  5  6 |
---------------+-------------------+-----
Ice Magic      | 4 5 6 |  6.0
Shields        | 1 2 3 |  3.1
Spellcasting   | 3 |  3.8
Dodging        | |  1.7
Stealth        | |  1.7

Action                   |  1- 3 |  4- 6 |  7- 9 || total
-------------------------+-------+-------+-------++-------
Melee: Unarmed           |     3 |       |       ||     3
       Dagger            |     5 |    32 |       ||    37
       Short sword       |       |    21 |       ||    21
 Cast: Freeze            |    39 |    25 |       ||    64
       Frozen Ramparts   |     2 |    20 |       ||    22
 Stab: Sleeping          |     2 |     9 |       ||    11
       Distracted        |       |     2 |       ||     2
  Eat: Chunk             |     3 |     9 |       ||    12
Armor: Robe              |     8 |    21 |       ||    29
Dodge: Dodged            |    30 |    36 |       ||    66
